 Dungeon Crawl Stone Soup version 0.24.0-1-gfbc8707 (webtiles) character file.

Game seed: 5489006903448815901, levelgen mode: deterministic

92 Geeful the Unweaver (level 4, 0/35 HPs)
             Began as a Demonspawn Abyssal Knight on Nov 2, 2019.
             Was a Follower of Lugonu.
             Slain by an orc wizard
             ... wielding a +0 dagger
              (2 damage)
             ... on level 3 of the Dungeon.
             The game lasted 00:08:12 (2645 turns).

Geeful the Unweaver (Demonspawn Abyssal Knight)     Turns: 2645, Time: 00:08:12

Health: 0/35       AC:  4    Str: 13    XL:     4   Next: 35%
Magic:  6/6        EV: 17    Int: 13    God:    Lugonu [*.....]
Gold:   147        SH:  0    Dex: 18    Spells: 3/3 levels left

rFire    . . .     SeeInvis .   l - +0 war axe
rCold    . . .     Gourm    .   (no shield)
rNeg     . . .     Faith    .   b - +0 leather armour
rPois    .         Spirit   .   (no helmet)
rElec    .         Reflect  .   d - +0 cloak
rCorr    .         Harm     .   (no gloves)
MR       .....                  (no boots)
Stlth    ++........             (no amulet)
HPRegen  0.11/turn              (no ring)
MPRegen  0.10/turn              (no ring)

@: agile
A: claws 2
a: Depart the Abyss, Renounce Religion


You were on level 3 of the Dungeon.
You worshipped Lugonu.
Lugonu was aware of your devotion.
You were not hungry.

You visited 1 branch of the dungeon, and saw 3 of its levels.
You visited the Abyss 1 time.

You collected 147 gold pieces.

Inventory:

Hand Weapons
 l - a +0 war axe (weapon)
Missiles
 a - 14 poisoned darts (quivered)
Armour
 b - a +0 leather armour (worn)
 d - a +0 cloak (worn)
Jewellery
 h - an uncursed amulet of magic regeneration
Scrolls
 g - a scroll of teleportation
 i - 3 scrolls of identify
 p - 2 scrolls of remove curse
Potions
 e - a potion of agility
 f - a potion of flight {unknown}
 j - a potion of magic {unknown}
 k - a potion of mutation {unknown}
 m - 3 potions of lignification
 n - a potion of haste {unknown}
 o - a potion of brilliance {unknown}
 r - a potion of degeneration {unknown}
 s - a potion of heal wounds {unknown}
 t - a potion of berserk rage {unknown}
 u - a potion of curing {unknown}
 v - a potion of cancellation {unknown}
Comestibles
 c - 6 rations
 q - a chunk of flesh


   Skills:
 + Level 3.5 Fighting
 - Level 2.0 Axes
 + Level 2.5 Armour
 + Level 1.9 Dodging
 + Level 3.6 Invocations


You had 3 spell levels left.
You didn't know any spells.
Your spell library was empty.

Dungeon Overview and Level Annotations

Branches:
Dungeon (3/15)

Altars:
Vehumet
Xom


Innate Abilities, Weirdness & Mutations

You have very sharp fingernails.


Message History

The puff of frost hits you!
You hit something but do no damage. Something hits you. x2
You miss something. Something hits you.
* * * LOW HITPOINT WARNING * * *
Something barely misses you.
You closely miss something.
Something hits you but does no damage. x2
You hit something but do no damage.
Something hits you but does no damage. x2
You miss something. Something completely misses you.
Something hits you but does no damage.
You closely miss something. Something hits you.
* * * LOW HITPOINT WARNING * * *
Something hits you.
* * * LOW HITPOINT WARNING * * *
You barely miss something. Something hits you.
* * * LOW HITPOINT WARNING * * *
Something hits you but does no damage.
It was a potion of agility.
You feel agile all of a sudden. Something hits you but does no damage.
Something hits you.
You die...

....<................#
.....#######.......(.#
.....# #.........#
.....## #.........#
....)(## #.........#
.......### #####.#####
........(# #)# ##.
###....#.#### #{# ...
###.#.##....####@######.#
.##...####..............
.##...###.............##
.......................#
...............รท.......#
......)................#
.....)#................#
#######
....####...........(...#
#.....#
.....###...............#
#.....#


There were no monsters in sight!

Vanquished Creatures
  3 adders (D:2)
  4 dart slugs (D:2)
  A leopard gecko (D:3)
  3 orcs (D:3)
  A ball python (D:3)
  10 bats
  3 giant cockroaches (D:1)
  7 goblins
  5 jackals (D:1)
  8 kobolds
  A quokka (D:3)
  2 frilled lizards
  6 rats
54 creatures vanquished.

Notes
Turn   | Place    | Note
-------+----------+-------------------------------------------
     0 | Abyss:1  | Geeful the Demonspawn Abyssal Knight began the quest for
                  | the Orb.
     0 | Abyss:1  | Reached XP level 1. HP: 18/18 MP: 2/2
    69 | Abyss:1  | Noticed a small abomination
    72 | Abyss:1  | Noticed a jelly
    77 | D:1      | Escaped the Abyss
   243 | D:1      | Reached skill level 1 in Dodging
   309 | D:1      | You fall into a shaft and drop 1 floor!
   361 | D:2      | Gained mutation: You have sharp fingernails. [demonic
                  | ancestry]
   361 | D:2      | Reached XP level 2. HP: 18/24 MP: 4/4
   857 | D:1      | Reached * piety under Lugonu
   865 | D:1      | Reached XP level 3. HP: 17/29 MP: 5/5
  2135 | D:2      | Gained mutation: You have very sharp fingernails. [demonic
                  | ancestry]
  2135 | D:2      | Reached XP level 4. HP: 35/35 MP: 6/6
  2211 | D:3      | Found a shimmering altar of Xom.
  2544 | D:3      | Found a radiant altar of Vehumet.
  2645 | D:3      | Slain by an orc wizard

Levels and vault maps discovered:
D:1:      dpeg_arrival_rooms_c, layout_loops_corners, minmay_misc_feat_diagonals
D:2:      layout_rooms
D:3:      layout_rooms, vehumet_crystals, nicolae_overflow_hidden_temple,
          xom_teletrap_fun

Skill      XL: |  1  2 |
---------------+-------+-----
Dodging        | 1 |  1.9
Axes           | 2 |  2.0
Armour         | 2 |  2.5
Invocations    | 3 |  3.6
Fighting       | |  3.5

Action                   |  1- 3 |  4- 6 || total
-------------------------+-------+-------++-------
Melee: Hand axe          |    47 |       ||    47
       War axe           |   104 |    56 ||   160
Invok: Depart the Abyss  |     1 |       ||     1
  Use: Scroll            |     8 |       ||     8
       Potion            |     1 |     1 ||     2
 Stab: Sleeping          |       |     1 ||     1
  Eat: Chunk             |     4 |     2 ||     6
Armor: Leather armour    |    57 |    23 ||    80
       Skin              |     3 |       ||     3
Dodge: Dodged            |   119 |    47 ||   166
